 Dungeon Crawl Stone Soup version 0.24.0-13-gcf9b319 (webtiles) character file.

Game seed: 8177827388982275726, levelgen mode: deterministic

9830 Carbide the Slicer (level 11, -4/145 HPs)
             Began as a Minotaur Fighter on Apr 12, 2020.
             Was a High Priest of Trog.
             Killed by divine providence
             ... invoked by Saint Roka
              (13 damage)
             ... on level 1 of the Orcish Mines on Apr 15, 2020.
             The game lasted 01:14:19 (11686 turns).

Carbide the Slicer (Minotaur Fighter)              Turns: 11686, Time: 01:14:20

Health: -4/145     AC: 12    Str: 31 (33) XL:     11   Next: 28%
Magic:  10/10      EV: 15    Int:  3 (5)  God:    Trog [*****.]
Gold:   1024       SH:  6    Dex: 10 (12) Spells: 10/10 levels left

rFire    . . .     SeeInvis +   a - +4 rapier of Poeq {pierce, rElec SInv}
rCold    + . .     Gourm    +   j - +0 buckler
rNeg     . . .     Faith    .   u - +3 ring mail
rPois    .         Spirit   .   U - +2 hat
rElec    +         Reflect  .   (no cloak)
rCorr    .         Harm     .   (no gloves)
MR       .....                  (no boots)
Stlth    ..........             g - amulet of the gourmand
HPRegen  0.34/turn              p - ring of protection from cold
MPRegen  0.12/turn              e - +4 ring of strength

@: berserking (expiring), very quick
A: retaliatory headbutt, horns 2, agile 1, deterioration 1, electricity
resistance, MP-powered wands
a: Berserk, Trog's Hand, Brothers in Arms, Renounce Religion


You were on level 1 of the Orcish Mines.
You worshipped Trog.
Trog was extremely pleased with you.
You were not hungry.

You visited 3 branches of the dungeon, and saw 13 of its levels.
You also visited: Ossuary.

You collected 1024 gold pieces.

Inventory:

Hand Weapons
 a - the +4 rapier of Poeq (weapon) {pierce, rElec SInv}
   (You found it on level 8 of the Dungeon)

   It inflicts extra damage upon your enemies.
   It insulates you from electricity.
   It lets you see invisible.
 b - a +3 dagger of protection
 y - the +8 demon trident "Rift" {distort, reach+}
   (You found it on level 5 of the Dungeon)

   It warps and distorts space around it.
   Unwielding it can cause banishment or high damage.
 E - a +6 dagger
 K - a +1 short sword of venom
Missiles
 n - a boomerang of dispersal (quivered)
 C - 3 boomerangs
Armour
 c - a +0 shield
 j - a +0 buckler (worn)
 u - a +3 ring mail (worn)
 A - a +2 robe of fire resistance
 U - a +2 hat (worn)
 V - a +0 hat of see invisible
Jewellery
 e - a +4 ring of strength (right hand)
 g - an amulet of the gourmand (around neck)
 p - a ring of protection from cold (left hand)
 s - an uncursed ring of fire
 D - an uncursed amulet of magic regeneration
 I - an uncursed ring of protection from cold
Wands
 q - a wand of flame (44)
 G - a wand of disintegration (18)
 S - a wand of enslavement (17)
Scrolls
 i - 2 scrolls of teleportation
 k - 2 scrolls of enchant armour
 o - 4 scrolls of fog
 t - 2 scrolls of enchant weapon
 z - 3 scrolls of remove curse
 J - a scroll of magic mapping {unknown}
 P - a scroll of silence {unknown}
 R - a scroll of vulnerability {unknown}
Potions
 d - 2 potions of might
 h - a potion of resistance
 l - 2 potions of invisibility
 m - 3 potions of curing
 r - a potion of agility
 v - 5 potions of lignification
 w - 6 potions of flight
 x - 2 potions of berserk rage
 B - 2 potions of brilliance
 H - a potion of cancellation
 L - a potion of ambrosia {unknown}
 N - a potion of haste
 O - a potion of magic
Comestibles
 f - 20 rations


   Skills:
 + Level 9.4 Fighting
 - Level 10.1 Short Blades
   Level 3.1 Maces & Flails
 + Level 9.8 Armour
 + Level 8.2 Dodging
 + Level 2.7 Stealth
 + Level 9.2 Shields


You had 10 spell levels left.
You didn't know any spells.
Your spell library contained the following spells:

 Spells                   Type           Power        Failure   Level  Hunger
 Corona                   Hex            #......      63%         1    ##.....
 Ensorcelled Hibernation  Hex/Ice        #.....       77%         2    ###....
 Confuse                  Hex            #.......     94%         3    ####...
 Dazzling Spray           Conj/Hex       #.....       94%         3    ####...
 Tukima's Dance           Hex            #.......     94%         3    ####...


Dungeon Overview and Level Annotations

Branches:
Dungeon (10/15)            Temple (1/1) D:5            Lair (0/6) D:10
    Orc (2/2) D:10        Ossuary (visited)
    Elf: Orc:2

Altars:
Ashenzari
Cheibriados
Dithmenos
Elyvilon
Fedhas
Gozag
Hepliaklqana
Kikubaaqudgha
Makhleb
Nemelex Xobeh
Okawaru
Qazlal
Trog
Uskayaw
Vehumet
Wu Jian
Xom
Yredelemnul
Zin
The Shining One

Annotations:
D:9 5 runed translucent doors
Orc:1 Saint Roka


Innate Abilities, Weirdness & Mutations

You reflexively headbutt those who attack you in melee.
You have a pair of horns on your head.
You are agile. (Dex +2)
Your body sometimes deteriorates upon taking damage.
You are resistant to electric shocks. (rElec)
You expend magic power (3 MP) to strengthen your wands.


Message History

The orc warrior hits you but does no damage.
The orc warrior barely misses you. You furiously retaliate!
You headbutt the orc warrior!
Saint Roka hits you with a +3 great sword of freezing!
* * * LOW HITPOINT WARNING * * *
Saint Roka freezes you.
* * * LOW HITPOINT WARNING * * *
Your +3 dagger of protection goes still.
a - the +4 rapier of Poeq (weapon)
{pierce, rElec SInv} You puncture Saint Roka!
You headbutt Saint Roka.
Saint Roka is almost dead.
You puncture Saint Roka! Your headbutt misses Saint Roka.
Saint Roka is almost dead.
The orc warrior hits you with a cursed -1 long sword!!
* * * LOW HITPOINT WARNING * * *
Your body deteriorates!
You feel weakened. You block the orc warrior's attack.
Saint Roka calls down the wrath of Beogh upon you.
Beogh smites you!
You die...

##.##........#.## #
#...............# ##
##..............# .#
##............## .#
#..............# .##
##..##.........# ..#
#...###........# .##
##.....##...oo.##
.####..........)@<..#
.##[#..........))o[##
##)))#.#.#..........#
..#[###............##
.....##.............#
..#.##.........#...##
#######.#...........#
## ##.#..........##
.## #...........###


You could see Saint Roka and 2 orc warriors.

Vanquished Creatures
  Harold (D:9)
  Erolcha (D:9)
  An orc high priest (Orc:1)
  2 deep elf magi (Orc:1)
  A centaur skeleton (D:10)
  A troll (Orc:1)
  A hornet (D:9)
  A hippogriff (D:7)
  3 yaks (D:10)
  Duvessa (D:5)
  A black bear (D:9)
  A swamp drake (Orc:1)
  9 ogres
  8 orc warriors
  3 sky beasts
  4 phantoms
  3 centaurs
  A crocodile (D:10)
  2 elf zombies (Ossuary)
  3 big kobolds
  2 bullfrogs
  A wyvern zombie (D:7)
  Dowan (D:5)
  A water moccasin zombie (D:9)
  3 scorpions
  10 killer bees
  4 crimson imps
  A bullfrog zombie (D:10)
  A quasit (D:7)
  13 orc priests
  A centaur zombie (D:8)
  6 hounds
  An iron imp (Orc:1)
  Terence (D:3)
  2 iguanas
  14 orc wizards
  5 worker ants
  A killer bee zombie (D:6)
  3 big kobold zombies (Ossuary)
  A hound zombie (D:7)
  2 mummies (Ossuary)
  8 adders
  2 shadow imps
  A white imp (Orc:1)
  An ooze (D:2)
  A dart slug (D:3)
  4 worms
  4 leopard geckos
  60 orcs
  7 giant cockroaches
  4 goblins (D:3)
  9 hobgoblins
  26 jackals
  3 quokkas
  A ball python (D:3)
  3 bats (D:2)
  4 frilled lizards
  3 goblin zombies (Ossuary)
  12 hobgoblin zombies (Ossuary)
  A jackal zombie (Ossuary)
  18 kobolds
  8 kobold zombies (Ossuary)
  A leopard gecko zombie (D:5)
  8 orc zombies (Ossuary)
  5 rats
  A butterfly (D:5)
317 creatures vanquished.

Vanquished Creatures (others)
  A swamp drake (D:10)
  An orc (Orc:1)
2 creatures vanquished.

Grand Total: 319 creatures vanquished

Notes
Turn   | Place    | Note
-------+----------+-------------------------------------------
     0 | D:1      | Carbide the Minotaur Fighter began the quest for the Orb.
     0 | D:1      | Reached XP level 1. HP: 19/19 MP: 0/0
   129 | D:1      | Reached XP level 2. HP: 27/27 MP: 1/1
   561 | D:2      | Reached XP level 3. HP: 33/33 MP: 2/2
   787 | D:2      | Reached XP level 4. HP: 40/40 MP: 3/3
   961 | D:3      | Noticed Terence
   986 | D:3      | Killed Terence
   986 | D:3      | Reached skill level 1 in Short Blades
   993 | D:3      | Found a faded altar of an unknown god.
  1123 | D:3      | Found a glowing silver altar of Zin.
  1682 | D:3      | Found a shattered altar of Ashenzari.
  1716 | D:3      | Reached skill level 2 in Short Blades
  1716 | D:3      | Reached XP level 5. HP: 14/46 MP: 4/4
  2015 | D:4      | Noticed an ogre
  2022 | D:4      | Killed an ogre
  2022 | D:4      | Reached skill level 5 in Armour
  2022 | D:4      | Reached skill level 1 in Dodging
  2022 | D:4      | Reached skill level 5 in Shields
  2302 | D:4      | Reached skill level 3 in Short Blades
  2302 | D:4      | Reached XP level 6. HP: 53/53 MP: 5/5
  2764 | D:5      | Entered Level 5 of the Dungeon
  2803 | D:5      | Reached XP level 7. HP: 60/60 MP: 6/6
  2811 | D:5      | Found a staircase to the Ecumenical Temple.
  2823 | Temple   | Entered the Ecumenical Temple
  2858 | Temple   | Became a worshipper of Trog the Wrathful
  2947 | D:5      | Found a sand-covered staircase.
  2951 | Ossuary  | Entered an ossuary
  3028 | Ossuary  | Reached * piety under Trog
  3031 | Ossuary  | Reached skill level 4 in Short Blades
  3240 | Ossuary  | Reached skill level 5 in Short Blades
  3397 | D:5      | Found a snail-covered altar of Cheibriados.
  3410 | D:5      | Found the +8 demon trident "Rift" {distort, reach+}
  3443 | D:5      | Noticed Duvessa
  3456 | D:5      | Killed Duvessa
  3456 | D:5      | Reached skill level 5 in Fighting
  3456 | D:5      | Reached XP level 8. HP: 58/68 MP: 7/7
  3457 | D:5      | Noticed Dowan
  3473 | D:5      | Killed Dowan
  3601 | D:5      | Reached ** piety under Trog
  3601 | D:5      | Reached skill level 6 in Short Blades
  4069 | D:6      | Reached skill level 7 in Short Blades
  4240 | D:6      | Found a blossoming altar of Fedhas.
  4241 | D:6      | Found a stormy altar of Qazlal.
  5056 | D:7      | Reached *** piety under Trog
  5056 | D:7      | Reached XP level 9. HP: 78/78 MP: 8/8
  5236 | D:7      | Reached skill level 8 in Short Blades
  5236 | D:7      | Reached skill level 1 in Stealth
  6262 | D:8      | Got an iridescent rapier
  6264 | D:8      | Identified the +4 rapier of Poeq {pierce, rElec SInv} (You
                  | found it on level 8 of the Dungeon)
  6328 | D:8      | Reached **** piety under Trog
  6755 | D:8      | Reached skill level 9 in Short Blades
  6856 | D:8      | Found an ancient bone altar of Kikubaaqudgha.
  7039 | D:9      | Noticed Erolcha
  7054 | D:9      | Killed Erolcha
  7054 | D:9      | Reached skill level 5 in Dodging
  7114 | D:9      | Reached XP level 10. HP: 88/88 MP: 9/9
  7187 | D:9      | Found a runed translucent gate.
  7188 | D:9      | Found a runed translucent door.
  7188 | D:9      | Found a runed translucent gate.
  7211 | D:9      | Found the +9 staff of Olgreb {rPois}
  7217 | D:9      | Found a runed translucent door.
  7247 | D:9      | Found a runed translucent gate.
  7372 | D:9      | Gained mutation: Potions are less effective at restoring
                  | your health. [potion of mutation]
  7372 | D:9      | Gained mutation: You are partially covered in icy blue
                  | scales. (AC +2) [potion of mutation]
  7372 | D:9      | Gained mutation: You possess an exceptional clarity of
                  | mind. [potion of mutation]
  7526 | D:9      | Noticed Harold
  7570 | D:9      | Killed Harold
  7570 | D:9      | Reached skill level 10 in Short Blades
  7782 | D:9      | Paralysed by a hornet for 3 turns
  7788 | D:9      | Paralysed by a hornet for 3 turns
  8264 | D:10     | Entered Level 10 of the Dungeon
  8762 | D:10     | Lost mutation: You possess an exceptional clarity of mind.
                  | [potion of mutation]
  8762 | D:10     | Lost mutation: Potions are less effective at restoring your
                  | health. [potion of mutation]
  8762 | D:10     | Lost mutation: You are partially covered in icy blue
                  | scales. (AC +2) [potion of mutation]
  8762 | D:10     | Gained mutation: You are partially covered in rugged brown
                  | scales. (AC +1, +3% HP) [potion of mutation]
  8762 | D:10     | Gained mutation: You are resistant to electric shocks.
                  | (rElec) [potion of mutation]
  8762 | D:10     | Gained mutation: You have sharp toenails. [potion of
                  | mutation]
  8887 | D:10     | Found a shimmering altar of Xom.
  8993 | D:10     | Reached ***** piety under Trog
  9000 | D:10     | Found a staircase to the Orcish Mines.
  9389 | D:10     | Found a staircase to the Lair.
  9834 | D:10     | Lost mutation: You have sharp toenails. [potion of
                  | mutation]
  9834 | D:10     | Lost mutation: You are partially covered in rugged brown
                  | scales. (AC +1, +3% HP) [potion of mutation]
  9834 | D:10     | Gained mutation: You are agile. (Dex +2) [potion of
                  | mutation]
  9834 | D:10     | Gained mutation: Your body sometimes deteriorates upon
                  | taking damage. [potion of mutation]
  9834 | D:10     | Gained mutation: You expend magic power (3 MP) to
                  | strengthen your wands. [potion of mutation]
  9869 | Orc:1    | Entered Level 1 of the Orcish Mines
 10151 | Orc:1    | Received a gift from Trog
 10160 | Orc:1    | Noticed an orc high priest
 10171 | Orc:1    | Killed an orc high priest
 10171 | Orc:1    | Reached XP level 11. HP: 48/97 MP: 10/10
 10665 | Orc:1    | Noticed a deep elf mage
 10684 | Orc:1    | Killed a deep elf mage
 10703 | Orc:1    | Noticed a deep elf mage
 10719 | Orc:1    | Killed a deep elf mage
 10882 | Orc:2    | Entered Level 2 of the Orcish Mines
 10883 | Orc:2    | Noticed Saint Roka
 11282 | Orc:1    | HP: 1/97 [orc warrior/+0 flail[Saint Roka] (9)]
 11686 | Orc:1    | Killed from afar by Saint Roka

Levels and vault maps discovered:
D:1:      psy_arrival_basics, layout_basic, serial_bayou_ford_a
D:2:      layout_rooms, first_ration
D:3:      layout_basic, nicolae_overflow_crystal_walls,
          lemuel_coloured_pillars_altar, chequers_ecumenical_altar_simple_redux,
          uniq_terence
D:4:      layout_basic
D:5:      layout_loops_ring, minmay_temple_entry_butterflies, enter_ossuary_5,
          cheibriados_altar_1, uniq_duvessa
D:6:      layout_loops_ring, nicolae_overflow_hidden_temple
D:7:      layout_loops_ring
D:8:      layout_loops_ring, kennysheep_mini, blue_anna_alchemist
          [blue_anna_fruit_fields, blue_anna_fruit_fields],
          minmay_misc_feat_tower, kennysheep_generic_room_8
D:9:      layout_cave_pods, minmay_guarded_unrand_staff_of_olgreb, uniq_harold,
          uniq_erolcha
D:10:     layout_roguey, lair_entry_dummy, erik_orc_1, basic_altar
Temple:   eino_wide_crystal_templ
Orc:1:    layout_caves, hangedman_minor_magic
Orc:2:    grunt_orc_community_town_hall, layout_diamond_mine,
          grunt_orc_community_big_house_1, grunt_orc_community_big_house_1,
          grunt_orc_community_house_3, grunt_orc_community_house_1,
          grunt_orc_community_house_3, grunt_orc_community_house_3,
          grunt_orc_community_house_2, serial_shops, shop, uniq_saint_roka

Skill      XL: |  1  2  3  4  5  6  7  8  9 10 11 |
---------------+----------------------------------+-----
Shields        | 4 5 6 7 8 9 |  9.2
Armour         | 4 5 6 7 8 9 |  9.8
Fighting       | 4 5 6 7 9 |  9.4
Maces & Flails | 3 |  3.1
Short Blades   | 2 3 5 7 9 10 | 10.1
Dodging        | 1 2 3 5 7 8 |  8.2
Stealth        | 1 2 |  2.7

Action                   |  1- 3 |  4- 6 |  7- 9 | 10-12 || total
-------------------------+-------+-------+-------+-------++-------
Melee: Flail             |    70 |       |       |       ||    70
       Headbutt          |    16 |    35 |   127 |   110 ||   288
       Dagger            |    44 |   167 |   538 |   437 ||  1186
       Short sword       |       |     2 |     9 |       ||    11
       Kick              |       |       |       |    26 ||    26
       Rapier            |       |       |       |     2 ||     2
Invok: Berserk           |       |       |     1 |     1 ||     2
  Use: Scroll            |       |     4 |    14 |     4 ||    22
       Potion            |       |       |       |     6 ||     6
 Stab: Confused          |       |       |       |     1 ||     1
  Eat: Chunk             |       |     6 |     5 |     5 ||    16
       Ration            |       |     1 |     2 |     3 ||     6
Armor: Scale mail        |    51 |    57 |    77 |       ||   185
       Ring mail         |       |       |    76 |   101 ||   177
Dodge: Dodged            |    30 |    50 |   183 |   156 ||   419
Block: Shield            |    53 |    25 |       |       ||    78
       Buckler           |       |    11 |    80 |    77 ||   168
